 Dungeon Crawl Stone Soup version 0.27.1-33-g824d729ab1 (webtiles) character file.

Game seed: 3683434020421752938

5660 Eitelfritz the Carver (level 10, -3/74 HPs)
             Began as a Demonspawn Gladiator on Dec 1, 2021.
             Was a Follower of Makhleb.
             Killed by divine providence
             ... invoked by an orc priest
              (14 damage)
             ... on level 8 of the Dungeon.
             The game lasted 00:19:22 (8418 turns).

Eitelfritz the Carver (Demonspawn Gladiator)        Turns: 8418, Time: 00:19:23

Health: -3/74      AC: 11    Str: 17    XL:     10   Next: 46%
Magic:  11/11      EV: 18    Int: 10    God:    Makhleb [*.....]
Gold:   188        SH:  5    Dex: 18    Spells: 9/9 levels left

rFire    . . .     SeeInvis .   a - +1 long sword (drain)
rCold    . . .     Faith    .   k - +0 buckler
rNeg     . . .     Spirit   .   p - +0 ring mail {rPois}
rPois    +         Reflect  .   c - +0 helmet
rElec    .         Harm     .   C - +0 cloak
rCorr    .         Rampage  .   j - +1 pair of gloves {Dex+3}
Will     .....                  (no boots)
Stlth    ++........             (no amulet)
HPRegen  0.22/turn              n - +4 ring of evasion
MPRegen  0.12/turn              (no ring)

@: no status effects
A: hooves 2, demonic guardian 1, spiny 2
a: Renounce Religion


You were on level 8 of the Dungeon.
You worshipped Makhleb.
Makhleb was aware of your devotion.
You visited 2 branches of the dungeon, and saw 9 of its levels.
You also visited: Sewer.

You collected 368 gold pieces.
You spent 180 gold pieces at shops.

Inventory:

Hand Weapons
 a - a +1 long sword of draining (weapon)
 y - a +1 vorpal flail
Missiles
 d - 5 throwing nets
 F - 4 boomerangs
Armour
 c - a +0 helmet (worn)
 j - a +1 pair of gloves of dexterity (worn)
 k - a +0 buckler (worn)
 p - a +0 ring mail of poison resistance (worn)
 B - +0 acid dragon scales
 C - a +0 cloak (worn)
Jewellery
 n - a +4 ring of evasion (left hand)
 z - a +6 ring of intelligence
 G - a ring of fire
Wands
 e - a wand of digging (9)
 f - a wand of flame (5) (quivered)
 h - a wand of polymorph (22)
 w - a wand of iceblast (13)
Scrolls
 b - a scroll of blinking
 g - 3 scrolls of vulnerability
 o - 2 scrolls of brand weapon
 A - 3 scrolls of fear
 D - a scroll of magic mapping
 E - a scroll of teleportation
Potions
 i - a potion of degeneration {unknown}
 l - a potion of invisibility {unknown}
 m - 3 potions of haste
 q - 6 potions of lignification
 r - 2 potions of attraction {unknown}
 s - 3 potions of heal wounds
 t - 2 potions of cancellation {unknown}
 u - a potion of mutation {unknown}
 v - 5 potions of might
 x - 2 potions of curing


   Skills:
 + Level 5.5 Fighting
 + Level 9.1 Long Blades
 + Level 2.0 Throwing
 + Level 6.5 Armour
 + Level 6.1 Dodging
 + Level 2.5 Stealth
 + Level 3.6 Shields
 * Level 2.3 Invocations
 + Level 3.3 Evocations


You had 9 spell levels left.
You didn't know any spells.
Your spell library contained the following spells:

 Spells                   Type           Power      Damage    Failure   Level
 Gell's Gravitas          Tloc           0%         N/A       90%         3
 Inner Flame              Hex/Fire       0%         N/A       90%         3
 Lesser Beckoning         Tloc           0%         N/A       90%         3
 Ozocubu's Armour         Ice            0%         N/A       90%         3
 Teleport Other           Tloc           0%         N/A       90%         3
 Cause Fear               Hex            0%         N/A       100%        4
 Ozocubu's Refrigeration  Ice            0%         4d5       100%        7
 Discord                  Hex            0%         N/A       100%        8


Dungeon Overview and Level Annotations

Branches:
Dungeon (8/15)             Temple (1/1) D:6           Sewer (visited)
   Lair: D:8-11

Altars:
Cheibriados
Dithmenos
Elyvilon
Fedhas
Gozag
Hepliaklqana
Kikubaaqudgha
Makhleb
Nemelex Xobeh
Okawaru
Qazlal
Ru
Sif Muna
Trog
Uskayaw
Vehumet
Wu Jian
Xom
Zin
The Shining One

Shops:
D:6 !


Innate Abilities, Weirdness & Mutations

You have hoof-like feet.
A weak demonic guardian rushes to your aid.
You are mostly covered in sharp spines.


Message History

Items here: ( )) †.
You hit the yak. You drain the yak. You kick the yak.
The yak is severely wounded.
The yak is struck by your spines. The yak gores you!
The yak is struck by your spines. The yak gores you but does no damage.
You slash the orc!
You kill the orc!
Makhleb accepts your kill.
The orc priest invokes the aid of Beogh against you.
Beogh smites you! The yak completely misses you.
You riposte.
You barely miss the yak.
The yak is moderately wounded.
The yak gores you!
You slash the yak!
You kill the yak!
Makhleb accepts your kill.
You feel better. The yak is struck by your spines. The yak gores you.
The orc completely misses you.
You riposte.
You barely miss the orc. You kick the orc.
The orc is moderately wounded.
You slash the orc!
You kill the orc!
Makhleb accepts your kill. You block the yak's attack.
You hit the orc priest. Your kick misses the orc priest.
The orc priest is lightly wounded.
The orc priest invokes the aid of Beogh against you.
Beogh smites you!
* * * LOW HITPOINT WARNING * * *
A demonic guardian appears!
You block the yak's attack.
Unknown command.
Found a morningstar.
The orc priest looks encouraged for a moment.
Your ufetubus barely misses the orc priest. x2
Items here: )) [ ††.
Your ufetubus barely misses the orc priest.
Your ufetubus hits the orc priest but does no damage.
The orc priest invokes the aid of Beogh against you.
Beogh smites you!
You die...

#....)......... ...#
##.<............. ....
##................
#...###.................
#...##.................
##....#.................
.##..................##
..##...#.....†Y)......##
...#..........)o@......#
....#.........>5........
....##.............##..#
.....#........######..##
.....##....#### #..#
).....#.......####..#
)).....####........#
).....## ####....##
.......# ###..#


You could see a yak, an orc priest (ally target) and a friendly ufetubus
(summoned).

Vanquished Creatures
  A two-headed ogre (D:6)
  Pikel (D:5)
  Maggie (D:8)
  An unseen horror (D:7)
  Grinder (D:6)
  A wraith (D:6)
  Sigmund (D:6)
  2 yaks (D:8)
  A steam dragon (D:8)
  Edmund (D:5)
  2 orc warriors (D:7)
  2 ice beasts
  2 sky beasts
  2 necrophages
  A centaur (D:8)
  2 lemures (D:5)
  A phantom (D:4)
  3 kobold brigands (D:8)
  4 bullfrogs (D:7)
  2 gnoll sergeants (D:6)
  3 scorpions
  A water moccasin skeleton (D:5)
  2 howler monkeys
  A bullfrog zombie (D:6)
  3 hounds (D:6)
  A centaur zombie (D:7)
  2 centaur skeletons
  4 orc priests
  Crazy Yiuf (D:6)
  5 jellies
  4 iguanas
  Ijyb (D:5)
  2 orc wizards (D:7)
  Natasha (thrice) (D:3)
  7 gnolls
  13 adders
  A shadow imp (D:6)
  A white imp (D:7)
  An ufetubus (D:7)
  2 adder skeletons (D:4)
  2 dart slugs
  A worm (D:2)
  17 orcs
  3 bats
  7 endoplasms
  4 giant cockroaches
  6 goblins
  4 hobgoblins
  14 jackals
  9 kobolds
  4 quokkas
  8 ball pythons
  3 frilled lizards
  5 rats
177 creatures vanquished.

Vanquished Creatures (collateral kills)
  A water moccasin (D:5)
  An ogre (D:5)
  A hound (D:5)
  2 orc wizards
5 creatures vanquished.

Vanquished Creatures (others)
  An iguana (D:7)
  4 plants (Sewer)
5 creatures vanquished.

Grand Total: 187 creatures vanquished

Notes
Turn   | Place    | Note
-------+----------+-------------------------------------------
     0 | D:1      | Eitelfritz the Demonspawn Gladiator began the quest for the
                  | Orb.
     0 | D:1      | Reached XP level 1. HP: 16/16 MP: 1/1
   121 | D:1      | Reached skill level 3 in Long Blades
   125 | D:1      | Gained mutation: You are partially covered in sharp spines.
                  | [demonic ancestry]
   125 | D:1      | Reached XP level 2. HP: 17/22 MP: 2/2
   749 | D:2      | Reached XP level 3. HP: 27/27 MP: 3/3
  1969 | D:3      | Gained mutation: You have large cloven feet. [demonic
                  | ancestry]
  1969 | D:3      | Reached XP level 4. HP: 34/34 MP: 4/4
  2079 | D:3      | Noticed Natasha
  2088 | D:3      | Killed Natasha
  2126 | D:3      | Found a glowing drain.
  2131 | Sewer    | Entered a sewer
  2323 | Sewer    | Reached skill level 1 in Armour
  2323 | Sewer    | Reached XP level 5. HP: 39/39 MP: 5/5
  2595 | Sewer    | Reached skill level 4 in Long Blades
  2922 | D:3      | Noticed Natasha
  2932 | D:3      | Killed Natasha
  3062 | D:3      | Noticed Natasha
  3071 | D:3      | Killed Natasha
  3409 | D:3      | Found a faded altar of an unknown god.
  3624 | D:4      | Gained mutation: You are mostly covered in sharp spines.
                  | [demonic ancestry]
  3624 | D:4      | Reached XP level 6. HP: 14/46 MP: 6/6
  3647 | D:4      | Found a shadowy altar of Dithmenos.
  3922 | D:4      | Identified the +8 quarterstaff of the Middle {elec,
                  | *Corrode rC+ Str+5 Dex+3}
  4017 | D:4      | Reached skill level 1 in Shields
  4374 | D:4      | Reached skill level 1 in Stealth
  4374 | D:4      | Gained mutation: A weak demonic guardian rushes to your
                  | aid. [demonic ancestry]
  4374 | D:4      | Reached XP level 7. HP: 52/52 MP: 7/7
  4420 | D:5      | Entered Level 5 of the Dungeon
  4430 | D:5      | Reached skill level 5 in Long Blades
  4503 | D:5      | Noticed Ijyb
  4510 | D:5      | Killed Ijyb
  4650 | D:5      | Noticed Edmund
  4660 | D:5      | Killed Edmund
  4723 | D:5      | Noticed Pikel
  4763 | D:5      | Killed Pikel
  4764 | D:5      | Reached skill level 6 in Long Blades
  4764 | D:5      | Reached skill level 1 in Evocations
  4764 | D:5      | Reached XP level 8. HP: 12/60 MP: 8/8
  5760 | D:6      | Reached skill level 5 in Dodging
  5820 | D:6      | Found a staircase to the Ecumenical Temple.
  5833 | D:6      | Reached skill level 7 in Long Blades
  5834 | D:6      | Noticed Sigmund
  5848 | D:6      | Gained mutation: You have hoof-like feet. [demonic
                  | ancestry]
  5848 | D:6      | Reached XP level 9. HP: 65/65 MP: 9/9
  5857 | D:6      | Killed Sigmund
  6004 | D:6      | Found an opulent altar of Gozag.
  6004 | D:6      | Found a bloodstained altar of Trog.
  6038 | D:6      | Found a radiant altar of Vehumet.
  6064 | D:6      | Found Gywihim's Distillery.
  6066 | D:6      | Noticed a two-headed ogre
  6067 | D:6      | Noticed Grinder
  6083 | D:6      | Killed a two-headed ogre
  6083 | D:6      | Paralysed by Grinder for 4 turns
  6084 | D:6      | Reached skill level 5 in Armour
  6091 | D:6      | Killed Grinder
  6131 | D:6      | Bought a potion of curing for 45 gold pieces
  6131 | D:6      | Bought a potion of might for 60 gold pieces
  6131 | D:6      | Bought a potion of heal wounds for 75 gold pieces
  6156 | D:6      | Reached skill level 8 in Long Blades
  6378 | D:6      | Found a runed translucent door.
  6379 | D:6      | Noticed Crazy Yiuf
  6684 | D:6      | Killed Crazy Yiuf
  6735 | Temple   | Entered the Ecumenical Temple
  6962 | D:7      | Found a burning altar of Makhleb.
  6963 | D:7      | Found a shimmering altar of Xom.
  6967 | D:7      | Reached skill level 5 in Fighting
  7111 | D:7      | Reached XP level 10. HP: 74/74 MP: 10/10
  7523 | D:7      | Became a worshipper of Makhleb the Destroyer
  7787 | D:8      | Noticed Maggie
  7795 | D:8      | Killed Maggie
  7796 | D:8      | Reached skill level 1 in Invocations
  8150 | D:8      | Found a shimmering blue altar of Sif Muna.
  8405 | D:8      | Reached * piety under Makhleb
  8406 | D:8      | Reached skill level 9 in Long Blades
  8418 | D:8      | Killed from afar by an orc priest

Illustrated notes

Levels and vault maps discovered:
D:1:      saegor_arrival_simple_b, layout_rooms
D:2:      layout_basic
D:3:      layout_loops_ring, lemuel_round_altar, portal_sewer_entry_e,
          basic_ecumenical_altar, uniq_natasha
D:4:      layout_gridville, grunt_dithmenos_smoke_and_mirrors
D:5:      layout_loops_ring, uniq_edmund, uniq_pikel, uniq_ijyb
D:6:      layout_rooms, nicolae_vehumet_altar_sigil,
          chequers_temple_overflow_statue_of_worship, minmay_temple_entry_waves,
          serial_shops, nicolae_shop_stone, uniq_sigmund, uniq_grinder,
          uniq_crazy_yiuf_cottage
D:7:      layout_cave_pools, lemuel_crystal_altar, xom_confusion_cloud,
          grunt_decor_mini_mirrors, fountainhead
D:8:      layout_cave_pods, nicolae_sif_muna_condensation, grunt_tough_drop,
          uniq_maggie
Temple:   minmay_temple_bridge_abc

Skill      XL: |  1  2  3  4  5  6  7  8  9 10 |
---------------+-------------------------------+-----
Long Blades    | 3 4 6 7 8 9 |  9.1
Throwing       | 2 |  2.0
Dodging        | 3 4 5 6 |  6.1
Armour         | 1 2 3 4 5 6 |  6.5
Fighting       | 3 4 5 |  5.5
Shields        | 1 2 3 |  3.6
Stealth        | 1 2 |  2.5
Evocations     | 1 2 3 |  3.3
Invocations    | 2 |  2.3

Action                   |  1- 3 |  4- 6 |  7- 9 | 10-12 || total
-------------------------+-------+-------+-------+-------++-------
Melee: Long sword        |    87 |    94 |   155 |    68 ||   404
       Kick              |       |    30 |    69 |    28 ||   127
Evoke: Wand              |       |       |    13 |       ||    13
  Use: Scroll            |       |     6 |     2 |     3 ||    11
       Potion            |       |       |       |     2 ||     2
Armor: Leather armour    |    15 |       |       |       ||    15
       Ring mail         |    25 |    21 |    41 |    23 ||   110
Dodge: Dodged            |    64 |    50 |   104 |    63 ||   281
Block: Buckler           |     4 |    22 |    41 |    16 ||    83
       Rpst.: Long sword |    20 |    13 |    22 |    19 ||    74
